 Dungeon Crawl Stone Soup version 0.18-a0-750-g37044d6 (webtiles) character file.

16 cluie the Insei (level 2, 0/21 HPs)
             Began as a Demonspawn Transmuter on Dec 11, 2015.
             Slain by a hobgoblin (5 damage)
             ... on level 1 of the Dungeon.
             The game lasted 00:00:49 (627 turns).

cluie the Insei (Demonspawn Transmuter)              Turns: 627, Time: 00:00:49

Health: 0/21       AC:  2    Str: 10    XL:     2   Next: 41%
Magic:  4/5        EV: 12    Int: 14    God:
Gold:   36         SH:  0    Dex: 13    Spells: 1 memorised, 4 levels left

rFire  + . .     SeeInvis .       - Unarmed
rCold  . . .     Clarity  .     b - +0 robe
rNeg   . . .     SustAt   .     (no shield)
rPois  .         Gourm    .     (no helmet)
rElec  .         Spirit   .     (no cloak)
rCorr  .         Dismiss  .     (no gloves)
rMut   .         Stasis   .     (no boots)
MR     .....                    (no amulet)
Stlth  +.........               (no ring)
                                (no ring)

@: appendage, not resistant to hostile enchantments, very unstealthy
A: hooves 1, horns 2, blurry vision 1, fire resistance 1, wild magic 1
a: End Transformation


You were on level 1 of the Dungeon.
You were not hungry.
You had grown temporary horns.
You visited 1 branch of the dungeon, and saw 1 of its levels.

You collected 36 gold pieces.

Inventory:

Missiles
 a - 21 arrows
Armour
 b - a +0 robe (worn)
Scrolls
 e - 2 scrolls of remove curse {unknown}
 g - a scroll of enchant armour {unknown}
 i - a scroll of fog {unknown}
Potions
 f - 2 potions of mutation
 h - a potion of heal wounds {unknown}
Books
 c - a book of Changes

   Spells                             Type                      Level
   a - Beastly Appendage              Transmutation                1
   b - Sticks to Snakes               Transmutation                2
   c - Spider Form                    Transmutation/Poison         3
   d - Ice Form                       Ice/Transmutation            4
   e - Blade Hands                    Transmutation                5
Comestibles
 d - a bread ration


   Skills:
 + Level 1.5 Fighting
 * Level 2.2 Dodging
 * Level 2.9 Unarmed Combat
 - Level 2.0 Spellcasting
 - Level 1.7 Transmutations


You had 4 spell levels left.
You knew the following spells:

 Your Spells              Type           Power        Failure   Level  Hunger
a - Beastly Appendage     Trmt           #.....       26%         1    ##.....


Dungeon Overview and Level Annotations

Branches:
Dungeon (1/15)

Altars:


Innate Abilities, Weirdness & Mutations

You have large cloven feet.
You have a pair of horns on your head.
Scrolls take you a little longer to read.
Your flesh is heat resistant.
Your spells are a little harder to cast, but a little more powerful.


Message History

* * * LOW HITPOINT WARNING * * *
You see here a club.
There is an open door here.
Read which item? (? for menu, Esc to quit)
Okay, then.
Drink which item? (? for menu, Esc to quit)
Okay, then.
Drink which item? (? for menu, Esc to quit)
It was a potion of mutation.
You feel extremely strange.
You feel less in control of your magic.
Your vision blurs.
You feel resistant to heat. The hobgoblin closely misses you.
Casting: Beastly Appendage
Confirm with . or Enter, or press ? or * to list all spells.
You grow a pair of large bovine horns.
The hobgoblin barely misses you.
You closely miss the hobgoblin. The hobgoblin barely misses you.
You closely miss the hobgoblin.
You kick the hobgoblin, but do no damage.
The hobgoblin hits you.
You die...

♣♣♣♣♣ #. ♣♣...♣ +. ##### ♣♣...♣♣
#. #.#.# ♣....♣♣♣ #. #.#.###
♣♣.....♣# #. ......# #♣.......♣♣#
#. #.#.#.# ###..........♣♣ #.
#.#.#.# #.............♣♣##
#####.# #@######.♣......♣♣
......##########g###########♣....
...g.#.......g..g##.......# ##♣♣.
.....#........#####.#####.# ♣♣
.....#........# #.#...#.#######
.....#........## #.#.....#......
.....+........'# #.###.###.#####
.#####...)....'## #.# #.#...#
.##.............###.###.#.###


You could see 2 hobgoblins.

Vanquished Creatures
  A giant gecko (D:1)
  A bat (D:1)
  A giant cockroach (D:1)
  3 goblins (D:1)
  4 hobgoblins (D:1)
  A kobold (D:1)
  A rat (D:1)
12 creatures vanquished.

Notes
Turn   | Place    | Note
--------------------------------------------------------------
     0 | D:1      | cluie the Demonspawn Transmuter began the quest for the Orb.
     0 | D:1      | Reached XP level 1. HP: 15/15 MP: 3/3
   220 | D:1      | Gained mutation: You have large cloven feet. [demonic ancestry]
   220 | D:1      | Reached XP level 2. HP: 8/21 MP: 5/5
   622 | D:1      | Gained mutation: Your spells are a little harder to cast, but a little more powerful. [potion of mutation]
   622 | D:1      | Gained mutation: Scrolls take you a little longer to read. [potion of mutation]
   622 | D:1      | Gained mutation: Your flesh is heat resistant. [potion of mutation]
   627 | D:1      | Slain by a hobgoblin

Vault maps used:
D:1:      sevenhm_arrival_forest_fort_large_2, grunt_decor_one_mirror,
          minmay_misc_feat_hallway

Action                   || total
-------------------------++-------
Melee: Unarmed           ||    55
 Cast: Beastly Appendage ||     2
  Use: Potion            ||     1
